 Dungeon Crawl Stone Soup version 0.27-a0-148-g9515ab555c (webtiles) character file.

Game seed: 5271217886867198724

151 knot the Chopper (level 5, 24/41 HPs)
             Began as a Demonspawn Berserker on Jan 27, 2021.
             Was a Believer of Trog.
             Quit the game in a sewer.
             The game lasted 00:03:49 (2640 turns).

knot the Chopper (Demonspawn Berserker)             Turns: 2640, Time: 00:03:50

Health: 24/41      AC:  5    Str: 17    XL:     5   Next: 11%
Magic:  5/5        EV: 11    Int: 11    God:    Trog [**....]
Gold:   133        SH:  0    Dex: 13    Spells: 4/4 levels left

rFire    . . .     SeeInvis .   a - +0 hand axe
rCold    . . .     Faith    .   (no shield)
rNeg     . . .     Spirit   .   j - +0 ring mail
rPois    .         Reflect  .   (no helmet)
rElec    .         Harm     .   (no cloak)
rCorr    .         Rampage  .   (no gloves)
Will     .....                  (no boots)
Stlth    +.........             (no amulet)
HPRegen  2.13/turn              (no ring)
MPRegen  0.09/turn              (no ring)

@: no status effects
A: powered by death 2, big brain 1
a: Renounce Religion, Berserk, Trog's Hand


You were in a sewer.
You worshipped Trog.
Trog was pleased with you.
You visited 1 branch of the dungeon, and saw 3 of its levels.
You also visited: Sewer.

You collected 133 gold pieces.

Inventory:

Hand Weapons
 a - a +0 hand axe (weapon)
Missiles
 c - 7 sling bullets
 g - 92 stones
Armour
 j - a +0 ring mail (worn)
Scrolls
 b - a scroll of fog {unknown}
 d - a scroll of random uselessness {unknown}
 e - 4 scrolls of identify {unknown}
 h - 2 scrolls of teleportation {unknown}
 i - 2 scrolls of magic mapping
 k - a scroll of enchant armour {unknown}
 o - a scroll of blinking {unknown}
 p - a scroll of fear {unknown}
Potions
 f - a potion of lignification {unknown}
 l - a potion of degeneration {unknown}
 m - a potion of cancellation {unknown}
 n - a potion of curing {unknown}
 q - a potion of flight {unknown}


   Skills:
 - Level 3.0 Fighting
 + Level 5.3 Axes
 - Level 1.7 Armour
 - Level 1.7 Dodging


You had 4 spell levels left.
You didn't know any spells.
Your spell library was empty.

Dungeon Overview and Level Annotations

Branches:
Dungeon (3/15)              Sewer (1/1)

Altars:


Innate Abilities, Weirdness & Mutations

You regenerate health from kills.
You have an unusually large brain. (Int +2)


Message History

The big kobold zombie hits you but does no damage.
You hit the big kobold zombie.
The big kobold zombie is heavily damaged.
The big kobold zombie hits you.
You hit the big kobold zombie.
The big kobold zombie is severely damaged.
The big kobold zombie hits you.
You hit the big kobold zombie.
The big kobold zombie is severely damaged.
The big kobold zombie hits you but does no damage.
You hit the big kobold zombie.
The big kobold zombie is severely damaged.
The big kobold zombie hits you.
You slash the big kobold zombie!
You destroy the big kobold zombie!
Trog accepts your kill.
You have reached level 5!
Your demonic ancestry asserts itself...
Your brain expands.
Are you sure you want to abandon this character and quit the game? (Confirm with "yes".)

#############+#########
#≈≈≈#≈≈≈≈≈≈#...#≈≈≈≈≈≈#
#≈.≈.≈≈.≈≈≈....@≈≈≈≈≈≈#
#≈.≈#......#...#......#
#≈≈≈#†#######≈#######+#
#≈≈≈#†.....#≈≈≈#......#
#≈≈≈#≈≈≈≈..#≈≈≈#..≈≈≈≈#
#≈≈≈#≈≈≈≈≈...≈...≈≈≈≈≈#
#≈≈≈#≈≈≈≈≈.#...#≈≈≈≈≈≈#
#≈≈≈#≈≈≈≈≈≈≈...#≈≈≈≈≈≈#
#≈≈≈≈≈≈#...#≈≈≈≈≈≈#


There were no monsters in sight!

Vanquished Creatures
  3 big kobold zombies (Sewer)
  An adder (D:2)
  3 shadow imps (Sewer)
  An ooze (Sewer)
  3 worms (D:2)
  3 dart slugs (D:2)
  A leopard gecko (D:2)
  A giant cockroach (D:1)
  7 goblins (D:1)
  4 hobgoblins
  A ball python (Sewer)
  4 bats
  4 frilled lizards
  13 kobolds
  6 rats (D:1)
55 creatures vanquished.

Notes
Turn   | Place    | Note
-------+----------+-------------------------------------------
     0 | D:1      | knot the Demonspawn Berserker began the quest for the Orb.
     0 | D:1      | Reached XP level 1. HP: 18/18 MP: 1/1
   275 | D:1      | Reached skill level 3 in Axes
   566 | D:1      | Gained mutation: You regenerate a little health from kills.
                  | [demonic ancestry]
   566 | D:1      | Reached XP level 2. HP: 18/24 MP: 2/2
   946 | D:1      | Reached ** piety under Trog
  1379 | D:2      | Gained mutation: You regenerate health from kills. [demonic
                  | ancestry]
  1379 | D:2      | Reached XP level 3. HP: 29/29 MP: 3/3
  1475 | D:2      | Reached skill level 4 in Axes
  2301 | D:3      | Found a glowing drain.
  2313 | Sewer    | Entered a sewer
  2316 | Sewer    | Reached XP level 4. HP: 30/35 MP: 4/4
  2589 | Sewer    | Reached skill level 5 in Axes
  2640 | Sewer    | Gained mutation: You have an unusually large brain. (Int
                  | +2) [demonic ancestry]
  2640 | Sewer    | Reached XP level 5. HP: 24/41 MP: 5/5
  2640 | Sewer    | Quit the game

Illustrated notes

Levels and vault maps discovered:
D:1:      tarquinn_simple_flora_water_c, layout_basic
D:2:      layout_basic, grunt_decor_cap
D:3:      layout_basic, serial_undead, serial_undead_c, serial_undead_f,
          serial_undead_a, serial_undead_e, cheibrodos_sewer_entry_sluice,
          chequers_ecumenical_altar_simple_redux, serial_park_tiny_pond,
          serial_bayou_pond_b
Sewer:    kennysheep_sewer_church

Skill      XL: |  1  2  3  4 |
---------------+-------------+-----
Axes           | 3 4 5 |  5.3
Fighting       | |  3.0
Armour         | |  1.7
Dodging        | |  1.7

Action                   |  1- 3 |  4- 6 || total
-------------------------+-------+-------++-------
Melee: Hand axe          |   120 |    83 ||   203
Invok: Berserk           |     6 |       ||     6
  Use: Scroll            |     1 |       ||     1
Armor: Animal skin       |     6 |       ||     6
       Ring mail         |    37 |    25 ||    62
Dodge: Dodged            |    92 |    38 ||   130

Table legend: (Time is in decaauts)
 A = Elapsed time spent in this place.
 B = Non-inter-level travel time spent in this place.
 C = Inter-level travel time spent in this place.
 D = Time resting spent in this place.
 E = Time spent auto-exploring this place.
 F = Levels seen in this place.
 G = Mean time per level.
                   A        B        C        D        E       F      G
               +--------+--------+--------+--------+--------+-----+--------+
         Total |   2717 |   2652 |     65 |    922 |   1298 |   4 |  679.2 |
       Dungeon |   2375 |   2310 |     65 |    768 |   1223 |   3 |  791.7 |
         Sewer |    341 |    341 |      0 |    153 |     74 |   1 |  341.0 |
               +--------+--------+--------+--------+--------+-----+--------+

Top non-repeatable levels by time:
     D:1: 1371 daAuts
     D:2: 977 daAuts
   Sewer: 341 daAuts
     D:3: 26 daAuts
